 Dungeon Crawl Stone Soup version 0.31-a0-1074-g0b22e4e0f1 (webtiles) character file.

Game seed: 4914447912382481016

130 RBrandon the Grave Robber (level 4, 0/14 (33) HPs)
             Began as a Mummy Reaver on Nov 28, 2023.
             Was a Believer of Fedhas.
             Slain by an orc
             ... wielding a +0 hand axe
              (1 damage)
             ... on level 3 of the Dungeon.
             The game lasted 00:04:39 (1384 turns).

RBrandon the Grave Robber (Mummy Reaver)            Turns: 1384, Time: 00:04:39

HP:   0/14 (33)     AC:  5    Str: 17    XL:     4   Next: 89%
MP:   2/8           EV: 10    Int: 12    God:    Fedhas [**....]
Gold: 95            SH:  0    Dex: 10    Spells: 5/8 levels left

rFire   x . .        a - +0 mace
rCold   + . .        (no shield)
rNeg    + + +        d - +0 ring mail
rPois   ∞            (no helmet)
rElec   .            (no cloak)
rCorr   .            (no gloves)
SInv    .            (no boots)
Will    .....        (no amulet) Stlth
                     (no ring)
HPRegen 0.22/turn    (no ring)
MPRegen 0.11/turn

%: faith
@: very slightly contaminated, extremely drained
A: cold resistance 1, negative energy resistance 3, torment resistance 2, heat
vulnerability 1, in touch with death 1, no potions, faith
a: Renounce Religion, Wall of Briars


You were on level 3 of the Dungeon.
You worshipped Fedhas.
Fedhas was pleased with you.
You visited 1 branch of the dungeon, and saw 3 of its levels.

You collected 95 gold pieces.

Inventory:

Hand Weapons
 a - a +0 mace (weapon)
Missiles
 g - 3 darts of dispersal
Armour
 b - a +0 leather armour
 d - a +0 ring mail (worn)
Scrolls
 c - a scroll of fog {unknown}
 e - a scroll of revelation {unknown}
 f - a scroll of poison {unknown}


   Skills:
 - Level 2.0 Fighting
 - Level 2.4 Maces & Flails
 - Level 1.6 Dodging
 - Level 2.7 Spellcasting
 + Level 3.2 Conjurations
 - Level 3.5 Necromancy


You had 5 spell levels left.
You knew the following spells:

 Your Spells              Type           Power      Damage    Failure   Level
a - Kiss of Death         Conj/Necr      56%        2d9       12%         1
b - Momentum Strike       Conj/Tloc      10%        3d8       34%         2

Your spell library contained the following spells:

 Spells                   Type           Power      Damage    Failure   Level
 Hailstorm                Conj/Ice       5%         3d4       56%         3


Dungeon Overview and Level Annotations

Branches:
Dungeon (3/15)

Altars:
Fedhas

Annotations:
D:2 Sigmund


Innate Abilities, Weirdness & Mutations

You are immune to poison.
Your flesh is cold resistant. (rC+)
You are immune to negative energy. (rN+++)
You are immune to unholy pain and torment.
You are vulnerable to heat. (rF-)
You are in touch with the powers of death.
You do not drink.
You have a special connection with the divine. (Faith)


Message History

Fedhas appreciates your contribution to the ecosystem.
You are unable to move.
You cannot move.
You start resting.
You are no longer robbed of momentum.
You start resting.
HP restored.
Magic restored.
An orc comes into view. It is wielding a +0 hand axe.
An orc is nearby!
The orc shouts!
Casting: Momentum Strike (astonishingly dangerous; 34% risk of failure)
Confirm with . or Enter, or press ? or * to list all spells.
Aiming: Momentum Strike (astonishingly dangerous; 34% risk of failure)
Press: ? - help, Dir - move target, f - orc
Aim: an orc, wielding a +0 hand axe (68% to hit)
You miscast Momentum Strike.
You are very lightly contaminated with residual magic.
Nothing appears to happen.
You barely miss the orc. The orc hits you with a +0 hand axe.
You hit the orc.
The orc is almost dead.
The orc hits you but does no damage. The orc hits you with a +0 hand axe.
* * * LOW HITPOINT WARNING * * *
Casting: Momentum Strike (astonishingly dangerous; 34% risk of failure)
Confirm with . or Enter, or press ? or * to list all spells.
Aiming: Momentum Strike (astonishingly dangerous; 34% risk of failure)
Press: ? - help, Dir - move target, f/p - orc
Aim: an orc, wielding a +0 hand axe (severely wounded, 68% to hit)
You miscast Momentum Strike.
Nothing appears to happen.
The orc hits you with a +0 hand axe.
* * * LOW HITPOINT WARNING * * *
Casting: Momentum Strike (astonishingly dangerous; 34% risk of failure)
Confirm with . or Enter, or press ? or * to list all spells.
Aiming: Momentum Strike (astonishingly dangerous; 34% risk of failure)
Press: ? - help, Dir - move target, f/p - orc
Aim: an orc, wielding a +0 hand axe (severely wounded, 68% to hit)
The concentrated momentum misses the orc.
The orc hits you with a +0 hand axe.
You die...
Fedhas appreciates your contribution to the ecosystem.

# # # #. #. .# .#
..#.#####.#..#
............
#.###.#........
#.......#
#######.##.#..#
#o##.#[.#
#@##.#..#
#.##.#..# #
#####.##.#..##.##[
#.....##.#........
#.######.#........
#.....)...<.......
#..#####..........
#..# #..........
#..# ##.........


You could see an orc.

Vanquished Creatures
  Jessica (D:2)
  5 adders
  A worm (D:2)
  A dart slug (D:1)
  3 orcs (D:3)
  2 ball pythons (D:1)
  2 bats
  6 endoplasms
  3 giant cockroaches (D:1)
  2 goblins
  4 hobgoblins
  4 jackals (D:1)
  2 kobolds (D:1)
  2 quokkas (D:2)
  6 frilled lizards
  4 rats (D:1)
48 creatures vanquished.

Notes
Turn   | Place    | Note
-------+----------+-------------------------------------------
     0 | D:1      | RBrandon the Mummy Reaver began the quest for the Orb.
     0 | D:1      | Reached XP level 1. HP: 16/16 MP: 4/4
   187 | D:1      | Reached skill level 1 in Necromancy
   191 | D:1      | Reached XP level 2. HP: 16/22 MP: 5/5
   496 | D:1      | Found a faded altar of an unknown god.
   502 | D:1      | Prayed at the altar of an unknown god.
   502 | D:1      | Became a worshipper of Fedhas Madash
   502 | D:1      | Reached * piety under Fedhas
   615 | D:1      | Reached XP level 3. HP: 25/27 MP: 7/7
   967 | D:2      | Noticed Jessica
   978 | D:2      | Killed Jessica
   979 | D:2      | Reached XP level 4. HP: 27/33 MP: 8/8
   987 | D:2      | Learned a level 2 spell: Momentum Strike
  1034 | D:2      | Reached ** piety under Fedhas
  1094 | D:2      | Noticed Sigmund
  1384 | D:3      | Slain by an orc

Illustrated notes

Levels and vault maps discovered:
D:1:      scummos_arrival_gate, layout_loops_cross, basic_ecumenical_altar,
          minmay_misc_feat_plants
D:2:      layout_rooms, uniq_sigmund, uniq_jessica
D:3:      layout_loops_ring, nzn_overflow_gifts_of_might_and_magic,
          lightli_temple_of_fire, mainiacjoe_overflow_cross_hatched,
          dreamdust_mushroom_princess

Skill      XL: |  1  2  3  4 |
---------------+-------------+-----
Necromancy     | 1 2 3 |  3.5
Conjurations   | 3 |  3.2
Fighting       | |  2.0
Maces & Flails | |  2.4
Dodging        | |  1.6
Spellcasting   | |  2.7

Action                     |  1- 3 |  4- 6 || total
---------------------------+-------+-------++-------
  Melee: Mace              |   118 |    57 ||   175
         Punch             |     1 |       ||     1
   Cast: Kiss of Death     |       |     4 ||     4
         Momentum Strike   |       |     3 ||     3
 Armour: Ring mail         |   114 |    45 ||   159
         Leather armour    |     2 |       ||     2
  Dodge: Dodged            |    87 |    28 ||   115

Table legend: (Time is in decaauts)
 A = Elapsed time spent in this place.
 B = Non-inter-level travel time spent in this place.
 C = Inter-level travel time spent in this place.
 D = Time resting spent in this place.
 E = Time spent auto-exploring this place.
 F = Levels seen in this place.
 G = Mean time per level.
                   A        B        C        D        E       F      G
               +--------+--------+--------+--------+--------+-----+--------+
         Total |   1434 |   1348 |     86 |    117 |    684 |   3 |  478.0 |
       Dungeon |   1434 |   1348 |     86 |    117 |    684 |   3 |  478.0 |
               +--------+--------+--------+--------+--------+-----+--------+

Top non-repeatable levels by time:
     D:1: 979 daAuts
     D:2: 351 daAuts
     D:3: 103 daAuts

Levels and vault maps discovered:
D:1:      scummos_arrival_gate, layout_loops_cross, basic_ecumenical_altar,
          minmay_misc_feat_plants
D:2:      layout_rooms, uniq_sigmund, uniq_jessica
D:3:      layout_loops_ring, nzn_overflow_gifts_of_might_and_magic,
          lightli_temple_of_fire, mainiacjoe_overflow_cross_hatched,
          dreamdust_mushroom_princess

Table legend: (Time is in decaauts)
 A = Elapsed time spent in this place.
 B = Non-inter-level travel time spent in this place.
 C = Inter-level travel time spent in this place.
 D = Time resting spent in this place.
 E = Time spent auto-exploring this place.
 F = Levels seen in this place.
 G = Mean time per level.
                   A        B        C        D        E       F      G
               +--------+--------+--------+--------+--------+-----+--------+
         Total |   1434 |   1348 |     86 |    117 |    684 |   3 |  478.0 |
       Dungeon |   1434 |   1348 |     86 |    117 |    684 |   3 |  478.0 |
               +--------+--------+--------+--------+--------+-----+--------+

Top non-repeatable levels by time:
     D:1: 979 daAuts
     D:2: 351 daAuts
     D:3: 103 daAuts

Table legend:
 A = Kills in this place as a percentage of kills in the entire game.
 B = Kills by you in this place as a percentage of kills by you in the entire game.
 C = Kills by friends in this place as a percentage of kills by friends in the entire game.
 D = Other kills in this place as a percentage of other kills in the entire game.
 E = Experience gained in this place as a percentage of experience gained in the entire game.
 F = Experience gained in this place divided by the number of levels of this place that you have seen.
                   A       B       C       D       E      F
               +-------+-------+-------+-------+-------+----------------------
         Total | 100.0 | 100.0 |   N/A |   N/A | 100.0 |  62.0
       Dungeon | 100.0 | 100.0 |   N/A |   N/A | 100.0 |  62.0
               +-------+-------+-------+-------+-------+----------------------
